 Dungeon Crawl Stone Soup version 0.21.1-1-g345015f (webtiles) character file.

39 tidbits the Insei (level 3, -2/28 HPs)
             Began as a Gnoll Transmuter on Feb 20, 2018.
             Killed from afar by Natasha (6 damage)
             ... with a magic dart
             ... on level 2 of the Dungeon.
             The game lasted 00:01:49 (153 turns).

tidbits the Insei (Gnoll Transmuter)                 Turns: 153, Time: 00:01:50

Health: -2/28      AC:  2    Str: 12    XL:     3   Next: 47%
Magic:  4/9        EV: 23    Int: 16    God:
Gold:   35         SH:  0    Dex: 20    Spells: 6/12 levels left

rFire    . . .     SeeInvis .     - Unarmed
rCold    . . .     Gourm    .   (shield currently unavailable)
rNeg     . . .     Faith    .   (armour currently unavailable)
rPois    x         Spirit   .   (helmet currently unavailable)
rElec    .         Reflect  .   (cloak currently unavailable)
rCorr    .         Harm     .   (gloves currently unavailable)
MR       .....                  (boots currently unavailable)
Stlth    ++........             (no amulet)
HPRegen  0.09/turn              (no ring)
MPRegen  0.11/turn              (no ring)

@: spider-form
A: tiny, distributed training, strong nose
a: End Transformation


You were on level 2 of the Dungeon.
You were not hungry.
You were a venomous arachnid creature.
You visited 1 branch of the dungeon, and saw 2 of its levels.

You collected 35 gold pieces.

Inventory:

Hand Weapons
 f - a +0 dagger
Missiles
 a - 10 arrows
 g - 2 stones (quivered)
Armour
 b - a +0 robe (melded)
Scrolls
 e - a scroll of identify {unknown}
 h - a scroll of teleportation {unknown}
 j - a scroll of random uselessness {unknown}
Potions
 i - a potion of magic {unknown}
Books
 c - a book of Changes

   Spells                             Type                      Level
   a - Beastly Appendage              Transmutation                1
   b - Sticks to Snakes               Transmutation                2
   c - Spider Form                    Transmutation/Poison         3
   d - Ice Form                       Ice/Transmutation            4
   e - Blade Hands                    Transmutation                5
Comestibles
 d - 3 rations


   Skills:
 + Level 2.6 Fighting
 + Level 0.8 Short Blades
 + Level 0.8 Long Blades
 + Level 0.8 Axes
 + Level 0.8 Maces & Flails
 + Level 0.8 Polearms
 + Level 0.8 Staves
 + Level 0.8 Slings
 + Level 0.8 Bows
 + Level 0.8 Crossbows
 + Level 0.8 Throwing
 + Level 0.8 Armour
 + Level 4.5 Dodging
 + Level 0.8 Stealth
 + Level 0.8 Shields
 + Level 6.5 Unarmed Combat
 + Level 5.0 Spellcasting
 + Level 0.5 Conjurations
 + Level 0.5 Hexes
 + Level 0.5 Charms
 + Level 0.5 Summonings
 + Level 0.5 Necromancy
 + Level 0.5 Translocations
 + Level 3.7 Transmutations
 + Level 0.5 Fire Magic
 + Level 0.5 Ice Magic
 + Level 0.5 Air Magic
 + Level 0.5 Earth Magic
 + Level 0.5 Poison Magic
 + Level 1.0 Invocations
 + Level 0.8 Evocations


You had 6 spell levels left.
You knew the following spells:

 Your Spells              Type           Power        Failure   Level  Hunger
e - Beastly Appendage     Tmut           ###...       11%         1    None
k - Sticks to Snakes      Tmut           ###.....     14%         2    #......
p - Spider Form           Tmut/Pois      ##........   38%         3    ###....


Dungeon Overview and Level Annotations

Branches:
Dungeon (2/15)

Altars:

Annotations:
D:2 Natasha


Innate Abilities, Weirdness & Mutations

Your experience applies equally to all skills.
((You have very sharp teeth.))
Your uncanny sense of smell can sniff out nearby items.


Message History

You punch the adder!
The adder is severely wounded.
The bat hits you.
* * * LOW HITPOINT WARNING * * *
The adder closely misses you.
The rat closely misses your ball python.
The hobgoblin closely misses you. The bat closely misses you.
Your ball python bites the hobgoblin but does no damage.
Your ball python constricts the hobgoblin.
You barely miss the adder. You bite the adder.
The adder is almost dead.
The bat closely misses you. The adder closely misses you.
The rat closely misses your ball python.
Your ball python bites the hobgoblin but does no damage.
Your ball python constricts the hobgoblin.
The hobgoblin barely misses your ball python.
You hit the adder.
You kill the adder!
The bat hits you but does no damage. The rat bites your ball python.
Your ball python bites the rat.
Your ball python constricts the hobgoblin.
The hobgoblin dies!
Unknown command.
You closely miss the bat.
The bat is severely wounded.
Your horns disappear.
The bat closely misses you.
Your ball python misses the rat.
Your ball python closely misses the rat.
The rat closely misses your ball python.
A rat comes into view.
Your ball python bites the rat but does no damage.
Your ball python closely misses the rat.
The rat barely misses you.
You closely miss the rat.
The rat is heavily wounded.
The bat barely misses you.
Your ball python misses the rat.
Your ball python grabs the rat.
Your ball python constricts the rat.
The rat dies!
The bat misses you.
You see here a scroll labeled MACY JEFARYTOY.
You hit the bat.
You kill the bat!
h - a scroll labeled MACY JEFARYTOY
Casting: Sticks to Snakes
Confirm with . or Enter, or press ? or * to list all spells.
You grow a pair of large bovine horns.
You punch the rat!
You kill the rat!
Found a scroll labeled KEOSAST UHAPHE.
You see here 13 gold pieces.
You now have 35 gold pieces (gained 13).
You see here a ruby potion.
i - a ruby potion You see here a ration.
d - 3 rations (gained 1)
You see here a scroll labeled KEOSAST UHAPHE.
j - a scroll labeled KEOSAST UHAPHE A frilled lizard comes into view.
Casting: Beastly Appendage
Confirm with . or Enter, or press ? or * to list all spells.
You extend your transformation's duration.
Your ball python withers and dies!
A kobold comes into view. It is wielding a short sword.
The frilled lizard hisses angrily.
The frilled lizard closely misses you.
You hit the frilled lizard.
You kill the frilled lizard!
Your Invocations skill increases to level 1!
The kobold shouts!
Natasha, Servant of Life and Death comes into view.
Casting: Beastly Appendage
Confirm with . or Enter, or press ? or * to list all spells.
Your horns disappear.
You turn into a venomous arachnid creature.
Your +0 robe melds into your body.
Natasha hisses angrily.
Natasha mumbles some strange words.
Natasha shimmers violently.
Casting: Spider Form
Confirm with . or Enter, or press ? or * to list all spells.
You create a snake!
You now have 10 arrows.
Natasha hisses.
Natasha stares at you and mumbles some strange words.
You resist with significant effort. Natasha casts a spell at you.
The magic dart hits you!
* * * LOW HITPOINT WARNING * * *
Found a stone staircase leading down.
The kobold closely misses you.
Natasha stares at you and mumbles some strange words.
The magic dart hits you!
* * * LOW HITPOINT WARNING * * *
You barely miss Natasha. The kobold completely misses you.
Natasha mumbles some strange words.
You hit Natasha.
Natasha is poisoned.
Natasha is moderately wounded.
The kobold closely misses you. Natasha casts a spell at you.
The magic dart hits you!
You die...

....... .....>. ......
..... ...# ...# ##
#####h.#### # ..#
#...s5....# ... #.#..
##...SK....#
...###.##.##..........#
..#...................#
...........##.........#
...........##.........#
...............##.#####
............#### .#
...........## .#


You could see Natasha, a crimson imp, a kobold and a friendly ball python.

Vanquished Creatures
  3 adders (D:2)
  3 bats (D:2)
  A giant cockroach (D:2)
  2 hobgoblins (D:2)
  A frilled lizard (D:2)
  A kobold (D:1)
  3 rats (D:2)
14 creatures vanquished.

Vanquished Creatures (collateral kills)
  A hobgoblin (D:2)
  A rat (D:2)
2 creatures vanquished.

Grand Total: 16 creatures vanquished

Notes
Turn   | Place    | Note
-------+----------+-------------------------------------------
     0 | D:1      | tidbits the Gnoll Transmuter began the quest for the Orb.
     0 | D:1      | Reached XP level 1. HP: 17/17 MP: 6/6
    45 | D:2      | Reached XP level 2. HP: 17/23 MP: 7/7
    53 | D:2      | Learned a level 2 spell: Sticks to Snakes
    72 | D:2      | Reached XP level 3. HP: 21/28 MP: 9/9
    83 | D:2      | Learned a level 3 spell: Spider Form
    92 | D:2      | Reached skill level 5 in Spellcasting
   146 | D:2      | Reached skill level 1 in Invocations
   147 | D:2      | Noticed Natasha
   153 | D:2      | Killed from afar by Natasha

Skill      XL: |  1  2  3 |
---------------+----------+-----
Spellcasting   | 5 |  5.0
Invocations    | 1 |  1.0
Fighting       | |  2.6
Short Blades   | |  0.8
Long Blades    | |  0.8
Axes           | |  0.8
Maces & Flails | |  0.8
Polearms       | |  0.8
Staves         | |  0.8
Slings         | |  0.8
Bows           | |  0.8
Crossbows      | |  0.8
Throwing       | |  0.8
Armour         | |  0.8
Dodging        | |  4.5
Stealth        | |  0.8
Shields        | |  0.8
Unarmed Combat | |  6.5
Conjurations   | |  0.5
Hexes          | |  0.5
Charms         | |  0.5
Summonings     | |  0.5
Necromancy     | |  0.5
Translocations | |  0.5
Transmutations | |  3.7
Fire Magic     | |  0.5
Ice Magic      | |  0.5
Air Magic      | |  0.5
Earth Magic    | |  0.5
Poison Magic   | |  0.5
Evocations     | |  0.8

Action                   || total
-------------------------++-------
Melee: Unarmed           ||    45
       Bite              ||     2
       Kick              ||     2
       Headbutt          ||     2
 Cast: Beastly Appendage ||     6
       Sticks to Snakes  ||     2
       Spider Form       ||     1
 Stab: Sleeping          ||     1
Armor: Robe              ||    13
Dodge: Dodged            ||    48

Table legend:
 A = Turns spent in this place as a percentage of turns spent in the entire game.
 B = Non-inter-level travel turns spent in this place as a percentage of non-inter-level travel turns spent in the entire game.
 C = Inter-level travel turns spent in this place as a percentage of turns spent in this place.
 D = Turns resting spent in this place as a percentage of non-inter-level travel turns spent in this place.
 E = Turns spent auto-exploring this place as a percentage of non-inter-level travel turns spent in this place.
 F = Non-inter-level travel turns spent in this place divided by the number of levels of this place that you've seen.
                   A       B       C       D       E      F
               +-------+-------+-------+-------+-------+----------------------
         Total | 100.0 | 100.0 |   0.0 |   0.0 |   0.0 |  76.5
       Dungeon | 100.0 | 100.0 |   0.0 |   0.0 |   0.0 |  76.5
               +-------+-------+-------+-------+-------+----------------------

Table legend:
 A = Kills in this place as a percentage of kills in entire the game.
 B = Kills by you in this place as a percentage of kills by you in the entire game.
 C = Kills by friends in this place as a percentage of kills by friends in the entire game.
 D = Other kills in this place as a percentage of other kills in the entire game.
 E = Experience gained in this place as a percentage of experience gained in the entire game.
 F = Experience gained in this place divided by the number of levels of this place that you have seen.
                   A       B       C       D       E      F
               +-------+-------+-------+-------+-------+----------------------
         Total | 100.0 | 100.0 | 100.0 |   N/A | 100.0 |  28.5
       Dungeon | 100.0 | 100.0 | 100.0 |   N/A | 100.0 |  28.5
               +-------+-------+-------+-------+-------+----------------------

Vault maps used:
D:1:      saegor_arrival_simple_e, minmay_small_reverse_x
D:2:      first_ration, nicolae_tso_swordbearing_angel, uniq_natasha
